 Dungeon Crawl Stone Soup version 0.28.0-43-g3370ac3207 (webtiles) character file.

Game seed: 9162121327350035138

37288 jimonade the Severer (level 13, -10/118 HPs)
             Began as a Minotaur Fighter on Mar 12, 2022.
             Was the Champion of the Shining One.
             Succumbed to an orc knight's poison
             ... on level 15 of the Dungeon on Mar 13, 2022.
             The game lasted 02:02:07 (20820 turns).

jimonade the Severer (Minotaur Fighter)            Turns: 20820, Time: 02:02:08

Health: -10/118    AC: 26    Str: 29    XL:     13   Next: 57%
Magic:  15/15      EV: 10    Int:  7    God:    the Shining One [******]
Gold:   782        SH:  7    Dex: 16    Spells: 16/16 levels left

rFire   . . .      SeeInvis +   Z - +9 hand axe of Darkness {freeze, *Rage rN+ SInv}
rCold   + . .      Faith    +   c - +0 buckler
rNeg    + + +      Spirit   .   f - +4 chain mail of Qauheduask {Str+3}
rPois   +          Reflect  .   I - +2 hat
rElec   .          Harm     .   e - scarf {repulsion}
rCorr   .          Rampage  .   y - +2 pair of gloves of the Wheelwright {-Tele rPois Will+ Int+2 Stlth+}
Will    +....      Rage     20% r - +2 pair of boots
Stlth   .......... NoTele   +   l - amulet of faith
HPRegen 0.29/turn               V - ring of Leaves {rC+ rN+}
MPRegen 0.14/turn               N - +6 ring of dexterity

@: mighty, lethally poisoned (-10 -> -47), on berserk cooldown, slowed, glowing,
repel missiles, very slow
A: horns 2, retaliatory headbutt
a: Renounce Religion, Divine Shield, Cleansing Flame, Summon Divine Warrior,
Brand Weapon With Holy Wrath


You were on level 15 of the Dungeon.
You worshipped the Shining One.
The Shining One was exalted by your worship.
You visited 1 branch of the dungeon, and saw 15 of its levels.
You also visited: Ice Cave.

You collected 902 gold pieces.
You spent 120 gold pieces at shops.

Inventory:

Hand Weapons
 G - a +0 shortbow of freezing
 H - a +8 spear of flaming
 Z - the +9 hand axe of Darkness (weapon) {freeze, *Rage rN+ SInv}
   (You took it off a wight on level 8 of the Dungeon)

   It freezes those it strikes, dealing additional cold damage.
   It can also slow down cold-blooded creatures.
   rN:        It protects you from negative energy.
   SInv:      It lets you see invisible.
   *Rage:     It berserks you when you make melee attacks (+20% chance).
Missiles
 g - 424 stones (quivered)
 i - 494 arrows
 j - 61 bolts
 s - 15 poisoned darts
 t - 16 javelins
 x - 50 sling bullets
 A - a throwing net
 O - 11 boomerangs
 T - 5 curare-tipped darts
Armour
 b - an orb of mayhem
 c - a +0 buckler (worn)
 e - a scarf of repulsion (worn)
 f - the +4 chain mail of Qauheduask (worn) {Str+3}
   (You found it on level 7 of the Dungeon)

   Str:       It affects your strength (+3).
 n - a +0 cloak of poison resistance
 r - a +2 pair of boots (worn)
 y - the +2 pair of gloves of the Wheelwright (worn) {-Tele rPois Will+ Int+2 Stlth+}
   (You found it on level 14 of the Dungeon)

   Int:       It affects your intelligence (+2).
   rPois:     It protects you from poison.
   -Tele:     It prevents most forms of teleportation.
   Will:      It increases your willpower.
   Stlth:     It makes you more stealthy.
 E - a +2 cloak of stealth
 I - a +2 hat (worn)
 L - a +2 ring mail of cold resistance
 P - a +2 pair of gloves
 S - a +1 leather armour of fire resistance
 U - a +10 plate armour of ponderousness
Jewellery
 h - an amulet of guardian spirit
 l - an amulet of faith (around neck)
 u - a ring of protection from fire
 v - a ring of flight
 J - a ring of ice
 K - a ring of resist corrosion
 N - a +6 ring of dexterity (right hand)
 V - the ring of Leaves (left hand) {rC+ rN+}
   (You found it on level 14 of the Dungeon)

   [ring of positive energy]

   rC:        It protects you from cold.
   rN:        It protects you from negative energy.
 W - the ring "Hoatops" {rF+ rN+ Int+3}
   (You found it on level 13 of the Dungeon)

   [ring of protection from fire]

   Int:       It affects your intelligence (+3).
   rF:        It protects you from fire.
   rN:        It protects you from negative energy.
Wands
 a - a wand of paralysis (7)
 p - a wand of polymorph (6)
 q - a wand of flame (39)
 D - a wand of iceblast (8)
 M - a wand of acid (11)
Scrolls
 w - 7 scrolls of teleportation
 z - 2 scrolls of blinking
 R - a scroll of fog
 X - 2 scrolls of enchant weapon
 Y - 3 scrolls of identify
Potions
 d - 2 potions of might
 k - 2 potions of haste
 m - a potion of ambrosia
 B - 5 potions of curing
 C - 2 potions of brilliance {unknown}
 F - a potion of berserk rage {unknown}
Miscellaneous
 Q - a piece from Xom's chessboard (15/15)


   Skills:
 * Level 12.2 Fighting
 * Level 15.1 Axes
 - Level 2.1(10.0) Polearms
 - Level 4.0 Bows
 * Level 14.0 Armour
 - Level 2.7 Dodging
 - Level 0.5 Stealth
 * Level 10.7 Shields
 - Level 1.2 Unarmed Combat
 - Level 2.3 Spellcasting
 * Level 5.1 Invocations
 * Level 5.7 Evocations


You had 16 spell levels left.
You didn't know any spells.
Your spell library contained the following spells:

 Spells                   Type           Power      Damage    Failure   Level
 Slow                     Hex            0%         N/A       83%         1
 Confusing Touch          Hex            0%         N/A       99%         3
 Frozen Ramparts          Ice            0%         1d2       99%         3
 Gell's Gravitas          Tloc           0%         N/A       99%         3
 Teleport Other           Tloc           0%         N/A       99%         3
 Vampiric Draining        Necr           0%         2d6       99%         3
 Cause Fear               Hex            0%         N/A       100%        4
 Fulminant Prism          Conj/Hex       0%         3d6       100%        4
 Ice Form                 Ice/Tmut       0%         N/A       100%        4
 Iskenderun's Mystic Bla  Conj/Tloc      0%         2d3       100%        4
 Summon Ice Beast         Ice/Summ       0%         N/A       100%        4
 Blade Hands              Tmut           0%         N/A       100%        5
 Irradiate                Conj/Tmut      0%         3d13      100%        5
 Lee's Rapid Deconstruct  Erth           0%         3d5*      100%        5
 Dispersal                Tloc           0%         N/A       100%        6
 Dragon Form              Tmut           0%         N/A       100%        7
 Borgnjor's Revivificati  Necr           0%         N/A       100%        8
 Necromutation            Tmut/Necr      0%         N/A       100%        8
 Death's Door             Necr           0%         N/A       100%        9
 Dragon's Call            Summ           0%         N/A       100%        9


Dungeon Overview and Level Annotations

Branches:
Dungeon (15/15)            Temple (0/1) D:4            Lair (0/6) D:8
    Orc (0/2) D:9          Vaults (0/5) D:13          IceCv (visited)
 Depths: D:15

Altars:
Cheibriados
Dithmenos
Fedhas
Gozag
Kikubaaqudgha
Nemelex Xobeh
Okawaru
Qazlal
Sif Muna
Wu Jian
Xom
Yredelemnul
Zin
The Shining One

Shops:
D:1 (   D:4 =   D:8 *   D:14 :

Annotations:
D:9 2 exclusions


Innate Abilities, Weirdness & Mutations

You have a pair of horns on your head.
You reflexively headbutt those who attack you in melee.


Message History

The cyclops throws a large rock.
The large rock barely misses you.
The cyclops throws a large rock.
The large rock hits you!!
The deep elf pyromancer gestures at you while chanting.
The sticky flame hits you!
You are covered in liquid flames!
The orc knight hits you but does no damage.
The orc priest hits you but does no damage.
Things that are here:
a +0 dagger; a +0 robe; an orc corpse Unknown command.
Press: ? - help, v - describe, . - travel
Here: a deep elf pyromancer, wielding a +0 short sword and wearing a +0 leather armour (haloed)
The floor.
You are covered in liquid flames!
The deep elf pyromancer hits you but does no damage.
The cyclops hits you!!
* * * LOW HITPOINT WARNING * * *
The deep elf pyromancer gestures at you while chanting.
The bolt of fire hits you but does no damage.
You slash the deep elf pyromancer! You freeze the deep elf pyromancer.
The deep elf pyromancer is moderately wounded.
You slash the cyclops! You freeze the cyclops.
You are covered in liquid flames!
* * * LOW HITPOINT WARNING * * *
You are no longer on fire.
The cyclops hits you.
* * * LOW HITPOINT WARNING * * *
The deep elf pyromancer hits you but does no damage.
You feel much better. The orc knight barely misses you.
The orc priest calls down the wrath of Beogh upon you.
Beogh smites you!
* * * LOW HITPOINT WARNING * * *
The deep elf pyromancer hits you but does no damage.
The orc knight hits you from afar with a +1 halberd of venom!!
* * * LOW HITPOINT WARNING * * *
You are lethally poisoned!
The cyclops hits you but does no damage.
Okay, then.
You feel very mighty all of a sudden.
You die...

#### +..######
#.......#
#.......###
##..<......#
#######........###
..........#.##...##
....##....#)#.....#
/........ooC@....##
..........C#e...##
.......#..##..###
......#.#[..#...
...#..)#..###..
......#.#o..# #...
.......#.....# ...
....... ....o# ..
....... .##....


You could see an orc knight, 2 cyclopes, a deep elf pyromancer and an orc
priest.

Vanquished Creatures
  4 liches (D:14)
  The ghost of Cofimnas the Cleaver, a journeyman FoFi of Okawaru (D:14)
  Azrael (D:12)
  Josephine (D:14)
  A hydra (D:11)
  3 boulder beetles
  3 two-headed ogres
  4 centaur warriors
  2 wizards
  Pikel (D:3)
  3 cyclopes
  3 manticores
  5 ugly things
  Psyche (D:10)
  A freezing wraith (D:14)
  3 trolls
  Prince Ribbit (D:8)
  3 polar bears (D:9)
  19 slime creatures
  A dream sheep (shapeshifter) (D:13)
  A blink frog (shapeshifter) (D:14)
  A hornet (shapeshifter) (D:13)
  2 vampires
  A shadow (D:13)
  5 wraiths
  8 yaks
  A wyvern (shapeshifter) (D:13)
  2 fire elementals (D:12)
  5 large abominations (D:10)
  5 vampire mosquitoes
  2 steam dragons
  An acid dragon (D:13)
  Duvessa (D:7)
  2 water moccasins
  3 hell hounds
  3 ice beasts
  5 orc warriors
  2 sky beasts
  2 black bears
  A hornet zombie (D:8)
  6 necrophages
  3 ogres
  A wolf (D:9)
  9 centaurs
  A lemure (D:3)
  A phantom (D:6)
  7 small abominations (D:10)
  2 kobold brigands
  3 gnoll sergeants
  3 bullfrogs
  4 scorpions
  Dowan (D:7)
  A hornet simulacrum (D:14)
  11 killer bees
  10 howler monkeys
  10 wights
  An electric eel (D:8)
  2 centaur zombies
  A jelly (D:5)
  4 bullfrog zombies
  A gnoll shaman (D:7)
  5 hounds
  Crazy Yiuf (D:7)
  A bullfrog skeleton (D:6)
  2 iguanas
  8 orc priests
  Jessica (D:2)
  6 orc wizards
  Robin (D:3)
  11 gnolls
  12 adders
  3 white imps (D:9)
  An ufetubus (D:9)
  An adder skeleton (D:4)
  2 worms
  A dart slug (D:4)
  42 orcs
  6 ball pythons
  2 bats
  2 endoplasms
  3 giant cockroaches
  11 goblins
  8 hobgoblins
  17 jackals
  7 kobolds
  4 quokkas
  2 frilled lizards
  A rat (D:3)
357 creatures vanquished.

Vanquished Creatures (collateral kills)
  A killer bee (D:8)
1 creature vanquished.

Grand Total: 358 creatures vanquished

Notes
Turn   | Place    | Note
-------+----------+-------------------------------------------
     0 | D:1      | jimonade the Minotaur Fighter began the quest for the Orb.
     0 | D:1      | Reached XP level 1. HP: 19/19 MP: 0/0
   288 | D:1      | Reached XP level 2. HP: 23/27 MP: 1/1
   632 | D:1      | Found a faded altar of an unknown god.
   889 | D:1      | Found Omanecidu's Weapon Shop.
   951 | D:1      | Reached XP level 3. HP: 33/33 MP: 2/2
  1441 | D:2      | Noticed Jessica
  1450 | D:2      | Killed Jessica
  1451 | D:2      | Reached skill level 3 in Axes
  1485 | D:2      | Reached XP level 4. HP: 40/41 MP: 3/3
  1697 | D:2      | You fall into a shaft and drop 1 floor!
  1836 | D:3      | Noticed Robin
  1855 | D:3      | Killed Robin
  1861 | D:3      | Reached XP level 5. HP: 42/47 MP: 2/4
  2280 | D:3      | Found a glowing golden altar of the Shining One.
  2283 | D:3      | Noticed an angel
  2288 | D:3      | Became a worshipper of the Shining One
  2297 | D:3      | Found a basalt altar of Yredelemnul.
  2299 | D:3      | Noticed a profane servitor
  2429 | D:3      | Reached skill level 4 in Axes
  2432 | D:3      | Reached skill level 5 in Armour
  2779 | D:4      | Noticed a lemure
  2783 | D:4      | Noticed a lemure
  2783 | D:4      | Noticed Pikel
  2798 | D:4      | Noticed a lemure
  2799 | D:4      | Noticed a lemure
  2806 | D:3      | Reached skill level 5 in Axes
  2809 | D:3      | Killed a lemure
  3186 | D:4      | Noticed a necrophage
  3207 | D:3      | Killed Pikel
  3208 | D:3      | Reached skill level 5 in Fighting
  3208 | D:3      | Reached skill level 6 in Axes
  3208 | D:3      | Reached skill level 1 in Dodging
  3208 | D:3      | Reached XP level 6. HP: 37/56 MP: 5/5
  3208 | D:3      | Reached XP level 7. HP: 40/61 MP: 6/6
  3455 | D:4      | Found a staircase to the Ecumenical Temple.
  3460 | D:4      | Reached skill level 7 in Axes
  3498 | D:4      | Reached skill level 5 in Shields
  3694 | D:4      | Found Kiungoups's Jewellery Boutique.
  3933 | D:4      | Reached XP level 8. HP: 63/68 MP: 5/7
  4016 | D:4      | Reached * piety under the Shining One
  4920 | D:5      | Entered Level 5 of the Dungeon
  5014 | D:5      | Found a shimmering altar of Xom.
  5162 | D:5      | Reached skill level 1 in Evocations
  5438 | D:5      | Reached skill level 8 in Axes
  6083 | D:6      | Reached skill level 9 in Axes
  6083 | D:6      | Reached XP level 9. HP: 74/75 MP: 8/8
  6783 | D:6      | Reached ** piety under the Shining One
  6791 | D:6      | Reached skill level 10 in Axes
  6870 | D:6      | Reached skill level 1 in Bows
  7501 | D:7      | Identified the +4 chain mail of Qauheduask {Str+3}
  7602 | D:7      | Found an iron altar of Okawaru.
  7890 | D:7      | Noticed Dowan
  7897 | D:7      | Noticed Duvessa
  7901 | D:7      | Killed Dowan
  7905 | D:7      | Killed Duvessa
  7906 | D:7      | Reached skill level 1 in Spellcasting
  8159 | D:7      | Found a glowing silver altar of Zin.
  8267 | D:7      | Found a runed translucent door.
  8268 | D:7      | Noticed Crazy Yiuf
  8274 | D:7      | Killed Crazy Yiuf
  8428 | D:7      | Noticed a troll
  8750 | D:7      | Reached XP level 10. HP: 86/86 MP: 10/10
  8779 | D:7      | Found an ornate altar of the Wu Jian Council.
  8779 | D:7      | Found a stormy altar of Qazlal.
  8783 | D:7      | Found a blossoming altar of Fedhas.
  8961 | D:8      | Noticed a two-headed ogre
  8968 | D:8      | Killed a two-headed ogre
  8969 | D:8      | Reached skill level 11 in Axes
  9000 | D:8      | Noticed Prince Ribbit
  9008 | D:8      | Killed Prince Ribbit
  9347 | D:8      | Found a snail-covered altar of Cheibriados.
  9530 | D:8      | Reached *** piety under the Shining One
  9584 | D:8      | Identified the +9 hand axe of Darkness {freeze, *Rage rN+
                  | SInv}
  9781 | D:8      | Paralysed by an orc for 2 turns
  9900 | D:8      | Found a staircase to the Lair.
  9947 | D:8      | Reached skill level 10 in Armour
  9973 | D:8      | Found a shimmering blue altar of Sif Muna.
  9999 | D:8      | Found Nemisa's Assorted Antiques.
 10004 | D:8      | Bought a scroll of teleportation for 72 gold pieces
 10004 | D:8      | Bought a scroll of identify for 48 gold pieces
 11238 | D:9      | Found a staircase to the Orcish Mines.
 11307 | D:9      | Reached **** piety under the Shining One
 11480 | D:9      | Noticed a two-headed ogre
 11486 | D:9      | Killed a two-headed ogre
 11572 | D:9      | Reached XP level 11. HP: 95/95 MP: 9/13
 11575 | D:9      | Reached skill level 12 in Axes
 12197 | D:9      | Found a shadowy altar of Dithmenos.
 12685 | D:10     | Entered Level 10 of the Dungeon
 13459 | D:10     | Noticed a wizard
 13484 | D:10     | Killed a wizard
 13485 | D:10     | Reached skill level 1 in Invocations
 13512 | D:10     | Noticed a large abomination
 13548 | D:10     | Killed a large abomination
 13654 | D:10     | Identified the +9 dagger of True Grit {spect, Will++ Str+2
                  | Dex-5 Stlth+}
 13758 | D:10     | Noticed Psyche
 13775 | D:10     | Killed Psyche
 13998 | D:10     | Found an opulent altar of Gozag.
 13998 | D:10     | Found a sparkling altar of Nemelex Xobeh.
 14143 | D:11     | Noticed a two-headed ogre
 14158 | D:11     | Killed a two-headed ogre
 14301 | D:11     | Noticed a centaur warrior
 14314 | D:11     | Killed a centaur warrior
 14531 | D:11     | Identified the +5 dagger of War {vorpal, Fly rC+ Will+
                  | Dex-5}
 14764 | D:11     | Noticed a seven-headed hydra
 14776 | D:11     | Killed a seven-headed hydra
 15206 | D:12     | Noticed Azrael
 15483 | D:13     | Reached skill level 13 in Axes
 15665 | D:13     | Reached skill level 1 in Polearms
 15878 | D:13     | Reached XP level 12. HP: 106/106 MP: 14/14
 15995 | D:13     | Reached skill level 1 in Unarmed Combat
 16032 | D:13     | Found a gate to the Vaults.
 16164 | D:13     | Noticed a centaur warrior
 16169 | D:13     | Killed a centaur warrior
 16174 | D:13     | Reached skill level 10 in Fighting
 16254 | D:13     | Noticed a boulder beetle
 16254 | D:13     | Reached ***** piety under the Shining One
 16272 | D:13     | Killed a boulder beetle
 16322 | D:13     | Identified the ring "Hoatops" {rF+ rN+ Int+3}
 17403 | D:12     | Noticed a boulder beetle
 17421 | D:12     | Killed a boulder beetle
 18247 | D:12     | Killed Azrael
 18248 | D:12     | Reached skill level 14 in Axes
 18481 | D:12     | Reached skill level 10 in Shields
 18637 | D:12     | Reached skill level 5 in Evocations
 19213 | D:12     | Found an opulent altar of Gozag.
 19215 | D:12     | Found an ancient bone altar of Kikubaaqudgha.
 19215 | D:12     | Found a hazy altar of Hepliaklqana.
 19217 | D:12     | Found a snail-covered altar of Cheibriados.
 19217 | D:12     | Found a sacrificial altar of Ru.
 19217 | D:12     | Found a shimmering altar of Xom.
 19757 | D:14     | Found Wasiw's Book Boutique.
 19854 | D:14     | Found a runed translucent gate.
 19854 | D:14     | Found a runed translucent gate.
 19854 | D:14     | Found a runed translucent gate.
 19855 | D:14     | Found an ancient bone altar of Kikubaaqudgha.
 19855 | D:14     | Noticed a lich
 19855 | D:14     | Noticed Cofimnas's ghost (journeyman FoFi)
 19855 | D:14     | Noticed a lich
 19856 | D:14     | Noticed a lich
 19856 | D:14     | Noticed a lich
 19900 | D:14     | Reached XP level 13. HP: 116/116 MP: 15/15
 20140 | D:14     | Noticed Josephine
 20149 | D:14     | Killed Josephine
 20666 | D:14     | Killed a lich
 20670 | D:14     | Killed a lich
 20675 | D:14     | Killed a lich
 20676 | D:14     | Reached skill level 5 in Invocations
 20678 | D:14     | Killed Cofimnas's ghost
 20678 | D:14     | Killed a lich
 20679 | D:14     | Reached skill level 15 in Axes
 20703 | D:14     | Identified the +2 pair of gloves of the Wheelwright {-Tele
                  | rPois Will+ Int+2 Stlth+}
 20722 | D:14     | Identified the ring of Leaves {rC+ rN+}
 20776 | D:15     | Entered Level 15 of the Dungeon
 20784 | D:15     | Found a frozen archway.
 20796 | IceCv    | Entered an ice cave
 20796 | IceCv    | Reached ****** piety under the Shining One
 20796 | IceCv    | Noticed a white very ugly thing
 20819 | D:15     | HP: 2/118 [orc knight/+1 halberd of venom (20)]
 20820 | D:15     | Succumbed to an orc knight's poison

Illustrated notes

Levels and vault maps discovered:
D:1:      sevenhm_arrival_forest_fort_small_5, layout_basic,
          ebering_ecumenical_altar_rust, serial_shops, shop
D:2:      layout_loops_ring, kennysheep_generic_room_7, uniq_jessica
D:3:      layout_loops_ring, grunt_temple_overflow_holy_war,
          minmay_quadrilaterals, uniq_robin
D:4:      layout_cave_pools, minmay_temple_entry_junction, serial_shops,
          nicolae_shop_stone, uniq_pikel
D:5:      layout_basic, xom_butterflies
D:6:      minmay_octagon_keep, layout_basic
D:7:      layout_loops_corners, amcnicky_altar_gilded,
          nicolae_overflow_crystal_walls, minitemple, lightli_corner_chamber,
          uniq_crazy_yiuf_cottage, uniq_duvessa
D:8:      layout_basic, slow_altar_1, mainiacjoe_overflow_alcove_1,
          lair_entry_dummy, serial_shops, shop, fountainhead,
          uniq_prince_ribbit1
D:9:      layout_small_grid, kennysheep_mini, hiddenorc2_lemuel, serial_ice,
          serial_ice_b, serial_ice_c, serial_ice_l, serial_ice_g, serial_ice_e,
          mrwooster_statue_mirror
D:10:     layout_loops_ring, grunt_temple_overflow_opulence, laboratory,
          uniq_psyche
D:11:     layout_cave_pods
D:12:     layout_basic, doesnt_xom_only_xom, uniq_azrael
D:13:     layout_loops_cross, david_vaults_2
D:14:     layout_loops_ring, serial_shops, nicolae_take_the_stairs,
          gammafunk_ghost_crypt, uniq_josephine
D:15:     grunt_enter_depths_snipers, layout_cave_pools, kennysheep_flooded_box,
          portal_ice_cave_entry_pillars_2

Skill      XL: |  1  2  3  4  5  6  7  8  9 10 11 12 13 |
---------------+----------------------------------------+-----
Armour         | 4 6 7 8 9 10 12 13 14 | 14.0
Fighting       | 4 5 6 7 8 9 11 12 | 12.2
Shields        | 4 5 6 7 9 10 | 10.7
Axes           | 3 6 7 9 10 11 13 14 15 | 15.1
Dodging        | 1 2 |  2.7
Evocations     | 1 2 3 4 5 |  5.7
Bows           | 2 3 4 |  4.0
Spellcasting   | 1 2 |  2.3
Invocations    | 3 4 5 |  5.1
Polearms       | 1 2 |  2.1
Unarmed Combat | 1 |  1.2
Stealth        | |  0.5

Action                   |  1- 3 |  4- 6 |  7- 9 | 10-12 | 13-15 || total
-------------------------+-------+-------+-------+-------+-------++-------
Melee: War axe           |    83 |    69 |   158 |       |       ||   310
       Headbutt          |     9 |     9 |    63 |   127 |    34 ||   242
       Hand axe          |       |       |    44 |   456 |    87 ||   587
       Spear             |       |       |       |     5 |       ||     5
       Unarmed           |       |       |       |     4 |       ||     4
Invok: Divine Shield     |       |       |     1 |    11 |       ||    12
  Use: Potion            |       |     1 |     1 |     1 |     2 ||     5
       Scroll            |       |       |     8 |    16 |     2 ||    26
Armor: Scale mail        |    43 |    38 |    59 |       |       ||   140
       Chain mail        |       |       |    17 |   185 |    52 ||   254
       Leather armour    |       |       |       |     7 |       ||     7
Dodge: Dodged            |    39 |    45 |    73 |   161 |    27 ||   345
       Repelled          |       |       |       |     2 |       ||     2
Block: Buckler           |    16 |    28 |    39 |   110 |    16 ||   209
       Orb               |       |       |       |     2 |       ||     2
